 Dungeon Crawl Stone Soup version 0.19-a0-526-gbe2e51c (webtiles) character file.

65 Duffy the Chopper (level 3, -2/27 HPs)
             Began as a Mummy Gladiator on June 7, 2016.
             Slain by an ogre
             ... wielding a +0 giant club
              (19 damage)
             ... on level 4 of the Dungeon.
             The game lasted 00:01:23 (704 turns).

Duffy the Chopper (Mummy Gladiator)                  Turns: 704, Time: 00:01:23

Health: -2/27      AC:  9    Str: 19    XL:     3   Next: 92%
Magic:  3/3        EV:  8    Int:  7    God:
Gold:   70         SH:  0    Dex: 12    Spells: 0 memorised, 2 levels left

rFire  x . .     SeeInvis .     a - +0 war axe
rCold  + . .     Gourm    .     f - +0 chain mail
rNeg   + + +     Faith    .     (no shield)
rPois  ∞         Spirit   .     c - +0 helmet
rElec  .         Dismiss  .     (no cloak)
rCorr  .         Reflect  .     (no gloves)
SustAt .         Harm     .     (no boots)
MR     .....                    (no amulet)
Stlth  ..........               (no ring)
                                (no ring)

@: not resistant to hostile enchantments, extremely unstealthy
A: no food or potions, fire vulnerability, cold resistance 1, negative energy
resistance 3, torment resistance, unbreathing
a: no special abilities


You were on level 4 of the Dungeon.
You were not hungry.

You visited 1 branch of the dungeon, and saw 4 of its levels.

You collected 70 gold pieces.


Innate Abilities, Weirdness & Mutations

You do not eat or drink.
Your flesh is vulnerable to fire.
You are immune to poison.
Your flesh is cold resistant. (rC+)
You are immune to negative energy. (rN+++)
You are immune to unholy pain and torment.
You can survive without breathing.


   Skills:
 - Level 2.0 Fighting
 + Level 4.0 Axes
 - Level 1.5 Throwing
 - Level 2.4 Dodging


You had 2 spell levels left.
You didn't know any spells.

Inventory:

Hand Weapons
 a - a +0 war axe (weapon)
Missiles
 d - 3 throwing nets
 e - 5 tomahawks
 h - 5 javelins of penetration (quivered)
Armour
 c - a +0 helmet (worn)
 f - a +0 chain mail (worn)
 g - a +1 hat
Wands
 i - a wand of paralysis (4/24)
Scrolls
 b - 2 scrolls of identify {unknown}

Dungeon Overview and Level Annotations

Branches:
Dungeon (4/15)
 Temple: D:4-7

Altars:


Message History

Found a stone staircase leading down.
A ball python comes into view.
The ball python bites you but does no damage.
The ball python barely misses you.
(D) Dungeon
Where to? (* - list waypoints, Enter - D:3 @ (x,y), ? - help)
Okay, then.
You hit the ball python.
You kill the ball python!
(D) Dungeon
Where to? (* - list waypoints, Enter - D:3 @ (x,y), ? - help)
There is a stone staircase leading down here.
You climb downwards.
An ogre comes into view. It is wielding a giant club.
The ogre shouts!
There is a stone staircase leading up here.
Throwing (i - inventory. (,) - cycle):
h - 8 javelins of penetration (quivered)
Press: ? - help, Shift-Dir - straight line, f - ogre
Aim: an ogre, wielding a giant club You throw a javelin of penetration.
The javelin of penetration pierces through the ogre.
The ogre is lightly wounded.
Throwing (i - inventory. (,) - cycle):
h - 7 javelins of penetration (quivered)
Press: ? - help, Shift-Dir - straight line, f/p - ogre
Aim: an ogre, wielding a giant club (lightly wounded)
You throw a javelin of penetration.
The javelin of penetration pierces through the ogre.
The ogre is lightly wounded.
Throwing (i - inventory. (,) - cycle):
h - 6 javelins of penetration (quivered)
Press: ? - help, Shift-Dir - straight line, f/p - ogre
Aim: an ogre, wielding a giant club (lightly wounded)
You throw a javelin of penetration.
The javelin of penetration barely misses the ogre.
The ogre completely misses you.
You closely miss the ogre.
The ogre is lightly wounded.
The ogre hits you with a giant club!
You barely miss the ogre.
The ogre is lightly wounded.
The ogre closely misses you.
You hit the ogre.
The ogre is moderately wounded.
The ogre barely misses you.
You hit the ogre.
The ogre is heavily wounded.
You hit the dart slug.
The dart slug is heavily wounded.
The ogre hits you with a giant club!!
Ouch! That really hurt!
You die...

#######
#.....#
#(....#
#.(..w#
+..(O@#
#.....#
#.....#
#.....#
#.....#
#.....#
#.....#
#.....#


You could see an ogre and a dart slug.

Action                   || total
-------------------------++-------
Melee: War axe           ||    69
Throw: Javelin           ||     3
Armor: Chain mail        ||    75
       Leather armour    ||     3
Dodge: Dodged            ||    50

Notes
Turn   | Place    | Note
--------------------------------------------------------------
     0 | D:1      | Duffy the Mummy Gladiator began the quest for the Orb.
     0 | D:1      | Reached XP level 1. HP: 16/16 MP: 1/1
   133 | D:2      | Reached skill level 3 in Axes
   133 | D:2      | Reached XP level 2. HP: 20/22 MP: 2/2
   254 | D:3      | Reached XP level 3. HP: 23/27 MP: 3/3
   484 | D:2      | Noticed Ijyb
   496 | D:3      | Paralysed by Ijyb for 6 turns
   506 | D:3      | Killed Ijyb
   514 | D:3      | Reached skill level 4 in Axes
   697 | D:4      | Noticed an ogre
   704 | D:4      | Slain by an ogre

Skill      XL: |  1  2  3 |
---------------+----------+-----
Axes           | 3 4 |  4.0
Fighting       | |  2.0
Throwing       | |  1.5
Dodging        | |  2.4

Vault maps used:
D:1:      minmay_arrival_doors
D:2:      uniq_iyjb
D:3:      xom_teletrap_fun
D:4:      lemuel_temple_firewalk_marked, first_bread

Vanquished Creatures
  Ijyb
  2 adders
  An orc
  A ball python
  A giant cockroach
  2 goblins
  4 hobgoblins
  2 jackals
  3 kobolds
  2 bats
  2 giant newts
21 creatures vanquished.
